 Dungeon Crawl Stone Soup version 0.27.0-1-g7a08968 (webtiles) character file.

Game seed: 17216354069836213765

672 NeededCrab the Chopper (level 7, -11/61 HPs)
             Began as a Hill Orc Fighter on Oct 14, 2021.
             Mangled by Duvessa (15 damage)
             ... on level 4 of the Dungeon.
             The game lasted 00:09:11 (4209 turns).

NeededCrab the Chopper (Hill Orc Fighter)           Turns: 4209, Time: 00:09:13

Health: -11/61     AC: 18    Str: 20    XL:     7   Next: 59%
Magic:  7/7        EV:  5    Int: 14    God:
Gold:   155        SH: 10    Dex: 11    Spells: 6/6 levels left

rFire    . . .     SeeInvis .   a - +0 war axe
rCold    . . .     Faith    .   c - +0 kite shield
rNeg     . . .     Spirit   .   t - +3 chain mail
rPois    .         Reflect  .   l - +0 helmet
rElec    .         Harm     .   (no cloak)
rCorr    .         Rampage  .   (no gloves)
Will     .....                  (no boots)
Stlth    ..........             (no amulet)
HPRegen  0.20/turn              g - +4 ring of protection
MPRegen  0.10/turn              j - +6 ring of intelligence

@: no status effects
A: no striking features
a: no special abilities


You were on level 4 of the Dungeon.
You visited 1 branch of the dungeon, and saw 4 of its levels.

You collected 155 gold pieces.

Inventory:

Hand Weapons
 a - a +0 war axe (weapon)
Missiles
 o - a throwing net (quivered)
Armour
 c - a +0 kite shield (worn)
 l - a +0 helmet (worn)
 t - a +3 chain mail (worn)
Jewellery
 g - a +4 ring of protection (left hand)
 j - a +6 ring of intelligence (right hand)
Wands
 q - a wand of flame (14)
Scrolls
 e - a scroll of amnesia {unknown}
 h - a scroll of blinking {unknown}
 i - a scroll of torment {unknown}
 k - a scroll of noise {unknown}
 m - a scroll of identify {unknown}
 p - a scroll of magic mapping {unknown}
 r - a scroll of silence {unknown}
 v - a scroll of brand weapon {unknown}
Potions
 b - 2 potions of heal wounds {unknown}
 d - a potion of might
 f - a potion of brilliance {unknown}
 n - a potion of degeneration {unknown}
 s - a potion of ambrosia {unknown}
 u - a potion of curing {unknown}
 w - a potion of haste {unknown}


   Skills:
 + Level 5.5 Fighting
 * Level 7.1 Axes
 + Level 5.1 Armour
 + Level 5.1 Shields


You had 6 spell levels left.
You didn't know any spells.
Your spell library contained the following spells:

 Spells                   Type           Power      Damage    Failure   Level
 Summon Small Mammal      Summ           0%         N/A       100%        1
 Sublimation of Blood     Necr           0%         N/A       100%        2
 Wereblood                Tmut           0%         N/A       100%        2
 Call Canine Familiar     Summ           0%         N/A       100%        3
 Summon Guardian Golem    Hex/Summ       0%         N/A       100%        3
 Summon Hydra             Summ           0%         N/A       100%        7


Dungeon Overview and Level Annotations

Branches:
Dungeon (4/15)
 Temple: D:4-7

Altars:
Cheibriados

Annotations:
D:3 1 runed translucent door, Crazy Yiuf
D:4 Dowan, Duvessa


Message History

You hit Duvessa.
Duvessa is severely wounded.
Duvessa hits you but does no damage.
Dowan gestures wildly while chanting.
Dowan blinks!
You block Duvessa's attack.
You hit Duvessa but do no damage.
Duvessa is severely wounded.
Duvessa hits you with a +1 short sword of electrocution!
Duvessa says, "My weaknesses are his strengths!"
Duvessa hits you but does no damage.
You barely miss Duvessa.
Duvessa is severely wounded.
You block Duvessa's attack. Duvessa hits you but does no damage.
You are electrocuted!
You barely miss Duvessa.
Duvessa is severely wounded.
You block Duvessa's attack. Duvessa hits you but does no damage.
You hit Duvessa.
Duvessa is severely wounded.
Duvessa barely misses you. Duvessa hits you but does no damage.
You are electrocuted!!
* * * LOW HITPOINT WARNING * * *
You hit Duvessa but do no damage.
Duvessa is severely wounded.
Duvessa gestures with her weapon.
You block Duvessa's attack. Duvessa hits you but does no damage.
You barely miss Duvessa.
Duvessa is severely wounded.
You are no longer glowing.
You block Duvessa's attack.
Duvessa hits you with a +1 short sword of electrocution.
* * * LOW HITPOINT WARNING * * *
You hit Duvessa but do no damage.
Duvessa is severely wounded.
Duvessa hits you with a +1 short sword of electrocution!
* * * LOW HITPOINT WARNING * * *
Dowan says, "My weaknesses are her strengths!"
Dowan mumbles some strange words.
Dowan blinks!
Duvessa hits you but does no damage.
You are electrocuted!
You die...

...........†..................
...........###...............
..........## #.....##.......
#........## #...)## #.....
##.....### ##))## ##.. #######
###.## ## ###...## ##
###......# .### ###.....##@##
...####.....#####e####
..........### #§.#.##
.......#### ##....# ......##
##.e...# .......## #......##
........# ##......# .......##
##.....# ......## ###...#


You could see Duvessa (fast) and Dowan.

Vanquished Creatures
  A black bear (D:3)
  A bullfrog (D:4)
  A wyvern zombie (D:3)
  A bullfrog skeleton (D:4)
  A gnoll shaman (D:4)
  Jessica (D:3)
  Ijyb (D:3)
  Natasha (thrice) (D:2)
  Robin (D:2)
  9 adders
  9 gnolls
  A worm (D:2)
  A dart slug (D:1)
  An orc (D:3)
  5 ball pythons
  7 bats
  5 endoplasms
  10 goblins
  12 hobgoblins
  10 jackals
  4 kobolds
  4 quokkas
  4 frilled lizards
  4 giant cockroaches
  4 rats
101 creatures vanquished.

Notes
Turn   | Place    | Note
-------+----------+-------------------------------------------
     0 | D:1      | NeededCrab the Hill Orc Fighter began the quest for the
                  | Orb.
     0 | D:1      | Reached XP level 1. HP: 19/19 MP: 1/1
   280 | D:1      | Found a faded altar of an unknown god.
   331 | D:1      | Reached skill level 3 in Axes
   335 | D:1      | Reached XP level 2. HP: 23/27 MP: 2/2
   692 | D:1      | Reached XP level 3. HP: 33/33 MP: 3/3
  1302 | D:2      | Reached skill level 4 in Axes
  1302 | D:2      | Reached XP level 4. HP: 30/40 MP: 4/4
  1422 | D:2      | Noticed Robin
  1446 | D:2      | Killed Robin
  1773 | D:2      | Found a snail-covered altar of Cheibriados.
  1917 | D:2      | Noticed Natasha
  1934 | D:2      | Killed Natasha
  1980 | D:2      | Reached XP level 5. HP: 47/47 MP: 5/5
  2112 | D:2      | Noticed Natasha
  2121 | D:2      | Killed Natasha
  2203 | D:2      | Reached skill level 5 in Axes
  2414 | D:2      | Noticed Natasha
  2428 | D:2      | Killed Natasha
  2581 | D:3      | Reached XP level 6. HP: 49/53 MP: 6/6
  2744 | D:3      | Noticed Jessica
  2760 | D:3      | Killed Jessica
  2792 | D:3      | Noticed Ijyb
  2811 | D:3      | Killed Ijyb
  3066 | D:3      | Noticed a black bear
  3091 | D:3      | Killed a black bear
  3092 | D:3      | Reached skill level 5 in Fighting
  3092 | D:3      | Reached skill level 6 in Axes
  3316 | D:3      | Reached XP level 7. HP: 25/61 MP: 7/7
  3660 | D:3      | Found a runed translucent door.
  3661 | D:3      | Noticed Crazy Yiuf
  3853 | D:4      | Reached skill level 5 in Armour
  3853 | D:4      | Reached skill level 5 in Shields
  3946 | D:4      | Reached skill level 7 in Axes
  4183 | D:4      | Noticed Duvessa
  4183 | D:4      | Noticed Dowan
  4209 | D:4      | Mangled by Duvessa

Illustrated notes

Levels and vault maps discovered:
D:1:      matt_arrival_refuge, layout_loops_corners,
          dreamdust_ecumenical_altar_hidden_monk_grotto
D:2:      layout_loops_ring, basic_altar, uniq_natasha, uniq_robin
D:3:      layout_basic, uniq_jessica, uniq_ijyb, uniq_crazy_yiuf_cottage
D:4:      layout_cave_pods, minmay_quantized, uniq_duvessa

Skill      XL: |  1  2  3  4  5  6  7 |
---------------+----------------------+-----
Axes           | 3 4 5 6 7 |  7.1
Fighting       | 4 5 |  5.5
Armour         | 4 5 |  5.1
Shields        | 4 5 |  5.1

Action                   |  1- 3 |  4- 6 |  7- 9 || total
-------------------------+-------+-------+-------++-------
Melee: War axe           |   109 |   219 |    61 ||   389
Armor: Scale mail        |    16 |       |       ||    16
       Chain mail        |    47 |   134 |    37 ||   218
       Skin              |       |     1 |       ||     1
Dodge: Dodged            |    33 |    46 |    11 ||    90
Block: Kite shield       |    56 |   127 |    44 ||   227
